 Dungeon Crawl Stone Soup version 0.20.1-1-g8b1a95d (webtiles) character file.

25 letownia2 the Grave Robber (level 2, 0/22 HPs)
             Began as a Deep Dwarf Necromancer on Dec 16, 2017.
             Slain by a hound (1 damage)
             ... on level 4 of the Dungeon.
             The game lasted 00:02:35 (1030 turns).

letownia2 the Grave Robber (Deep Dwarf Necromancer) Turns: 1030, Time: 00:02:35

Health: 0/22       AC:  3    Str: 11    XL:     2   Next: 86%
Magic:  0/5        EV: 12    Int: 15    God:
Gold:   43         SH:  0    Dex: 13    Spells: 4/5 levels left

rFire    . . .     SeeInvis .   (no weapon)
rCold    . . .     Gourm    .   (no shield)
rNeg     . . .     Faith    .   g - +0 leather armour
rPois    .         Spirit   .   (no helmet)
rElec    .         Reflect  .   (no cloak)
rCorr    .         Harm     .   (no gloves)
MR       .....                  (no boots)
Stlth    ++........             (no amulet)
Regen    0.0/turn               (no ring)
MPRegen  0.1/turn               (no ring)

@: non-regenerating
A: damage resistance, heal wounds, sense surroundings 1, no regeneration
a: Heal Wounds


You were on level 4 of the Dungeon.
You were hungry.

You visited 1 branch of the dungeon, and saw 4 of its levels.

You collected 43 gold pieces.

Inventory:

Hand Weapons
 i - a +0 war axe
Missiles
 j - 4 tomahawks (quivered)
Armour
 a - a +0 robe
 g - a +0 leather armour (worn)
Scrolls
 e - 3 scrolls of identify {unknown}
Potions
 d - 2 potions of curing {unknown}
 k - a potion of brilliance {unknown}
Books
 b - a book of Necromancy

   Spells                             Type                      Level
   a - Pain                           Necromancy                   1
   b - Animate Skeleton               Necromancy                   1
   c - Vampiric Draining              Necromancy                   3
   d - Regeneration                   Charms/Necromancy            3
   e - Animate Dead                   Necromancy                   4
   f - Control Undead                 Necromancy                   4
Comestibles
 c - a bread ration
 f - a royal jelly
 h - a meat ration


   Skills:
 - Level 2.1 Dodging
 - Level 2.4 Stealth
 - Level 2.1 Spellcasting
 + Level 5.2 Necromancy


You had 4 spell levels left.
You knew the following spells:

 Your Spells              Type           Power        Failure   Level  Hunger
a - Pain                  Necr           ###.         3%          1    #......


Dungeon Overview and Level Annotations

Branches:
Dungeon (4/15)
 Temple: D:4-7

Altars:
Cheibriados
Hepliaklqana
Kikubaaqudgha
Nemelex Xobeh

Annotations:
D:4 Ijyb


Innate Abilities, Weirdness & Mutations

You are resistant to damage.
You can heal yourself by infusing magical energy.
You passively map a small area around you.
You do not regenerate.


Message History

Confirm with . or Enter, or press ? or * to list all spells.
Aiming: Pain
Press: ? - help, Shift-Dir - straight line, f/p - hound
Aim: a hound (moderately wounded, chance to defeat MR: 82%)
The hound writhes in agony!
The hound bites you.
* * * LOW HITPOINT WARNING * * *
The hound barely misses you.
Casting: Pain
Confirm with . or Enter, or press ? or * to list all spells.
Aiming: Pain
Press: ? - help, Shift-Dir - straight line, f/p - hound
Aim: a hound (heavily wounded, chance to defeat MR: 82%)
The hound writhes in agony!
The hound misses you.
Casting: Pain
Confirm with . or Enter, or press ? or * to list all spells.
Aiming: Pain
Press: ? - help, Shift-Dir - straight line, f/p - hound
Aim: a hound (heavily wounded, chance to defeat MR: 82%)
The hound writhes in agony!
The hound bites you.
You die...

#.......#
#.......# * *
#.......#
#.......#, ,
#.......#
#.......# . * *
#.......# ,... ,
######'#####.....
* * #..<#..@.w...#
*
#.###.h###.......*
#.# #....+.......
* #.#
#.####.w..... *
#.###.###........
#................,
#####.####.......
* ,, #... ,.......
, ###... * #..


You could see a worm and a hound.

Vanquished Creatures
  An adder (D:4)
  A dart slug (D:4)
  A giant cockroach (D:3)
  3 goblins
  3 hobgoblins (D:3)
  2 ball pythons (D:3)
  A frilled lizard (D:3)
  A rat (D:3)
13 creatures vanquished.

Notes
Turn   | Place    | Note
-------+----------+-------------------------------------------
     0 | D:1      | letownia2 the Deep Dwarf Necromancer began the quest for the Orb.
     0 | D:1      | Reached XP level 1. HP: 15/15 MP: 3/3
   245 | D:3      | Found an ancient bone altar of Kikubaaqudgha.
   247 | D:3      | Found a snail-covered altar of Cheibriados.
   247 | D:3      | Found a sparkling altar of Nemelex Xobeh.
   248 | D:3      | Found a hazy altar of Hepliaklqana.
   290 | D:4      | Noticed Ijyb
   290 | D:4      | Noticed a hound
   479 | D:3      | Reached XP level 2. HP: 11/22 MP: 1/5
   926 | D:4      | Reached skill level 5 in Necromancy
  1028 | D:4      | HP: 1/22 [hound (4)]
  1030 | D:4      | Slain by a hound

Skill      XL: |  1  2 |
---------------+-------+-----
Spellcasting   | 2 |  2.1
Necromancy     | 5 |  5.2
Dodging        | |  2.1
Stealth        | |  2.4

Action                   || total
-------------------------++-------
Melee: Unarmed           ||     2
 Cast: Pain              ||    35
Armor: Robe              ||     2
       Leather armour    ||     2
Dodge: Dodged            ||    12
